 Dungeon Crawl Stone Soup version 0.18.1-6-gd335043 (webtiles) character file.

151 Chiseanne the Vandal (level 5, -2/28 HPs)
             Began as a Deep Elf Arcane Marksman on May 17, 2016.
             Killed by divine providence
             ... invoked by an orc priest
              (12 damage)
             ... on level 3 of the Dungeon.
             The game lasted 00:11:28 (3282 turns).

Chiseanne the Vandal (Deep Elf Arcane Marksman)     Turns: 3282, Time: 00:11:29

Health: -2/28      AC:  6    Str:  8    XL:     5   Next: 11%
Magic:  6/9        EV: 10    Int: 18    God:
Gold:   91         SH:  0    Dex: 15    Spells: 1 memorised, 6 levels left

rFire  . . .     SeeInvis .     w - +1 hunting sling
rCold  . . .     Gourm    .     e - +0 ring mail
rNeg   . . .     Faith    .     (no shield)
rPois  .         Spirit   .     (no helmet)
rElec  .         Dismiss  .     (no cloak)
rCorr  .         Reflect  .     o - +0 pair of gloves
SustAt +         Harm     .     (no boots)
MR     .....                    (no amulet)
Stlth  +.........               (no ring)
                                k - ring of sustain attributes

@: very slightly contaminated, not resistant to hostile enchantments, very
unstealthy
A: no striking features
a: no special abilities


You were on level 3 of the Dungeon.
You were not hungry.

You visited 1 branch of the dungeon, and saw 3 of its levels.

You collected 91 gold pieces.

Inventory:

Hand Weapons
 a - a +4 falchion
 w - a +1 hunting sling (weapon)
Missiles
 d - 7 sling bullets (quivered)
 g - 80 stones
 j - 28 poisoned needles
 r - 4 tomahawks
 u - 20 bolts
Armour
 e - a +0 ring mail (worn)
 o - a +0 pair of gloves (worn)
Jewellery
 k - a ring of sustain attributes (left hand)
Wands
 s - a wand of iceblast (4/15)
Scrolls
 b - 3 scrolls of remove curse
 h - a scroll of identify
Potions
 i - a potion of heal wounds
 l - a potion of curing
 q - a potion of flight
 t - a potion of cancellation
Books
 c - a book of Debilitation

   Spells                             Type                      Level
   a - Corona                         Hexes                        1
   b - Slow                           Hexes                        2
   c - Gell's Gravitas                Hexes/Translocation          3
   d - Inner Flame                    Hexes/Fire                   3
   e - Cause Fear                     Hexes                        4
   f - Leda's Liquefaction            Hexes/Earth                  4
Comestibles
 f - 2 bread rations
 m - a chunk of flesh
 n - a slice of pizza
 p - 6 fruits


   Skills:
 - Level 0.7 Fighting
 * Level 4.4 Slings
 - Level 2.4 Dodging
 - Level 1.5 Spellcasting
 - Level 4.0 Hexes


You had 6 spell levels left.
You knew the following spells:

 Your Spells              Type           Power        Failure   Level  Hunger
a - Corona                Hex            ###....      14%         1    ##.....


Dungeon Overview and Level Annotations

Branches:
Dungeon (3/15)

Altars:


Message History

You shoot a sling bullet. The orc shouts!
The sling bullet hits the orc priest but does no damage.
The orc priest is heavily wounded.
Firing (i - inventory. (,) - cycle):
d - 9 sling bullets (quivered)
Press: ? - help, Shift-Dir - straight line, f/p - orc priest
Aim: an orc priest, wielding a mace (heavily wounded, softly glowing)
You shoot a sling bullet.
The sling bullet hits the orc priest but does no damage.
The orc priest is heavily wounded.
Firing (i - inventory. (,) - cycle):
d - 8 sling bullets (quivered)
Press: ? - help, Shift-Dir - straight line, f/p - orc priest
Aim: an orc priest, wielding a mace (heavily wounded, softly glowing)
You shoot a sling bullet.
The sling bullet barely misses the orc priest.
The sling bullet hits the orc.
The orc is severely wounded.
The orc priest invokes the aid of Beogh against you.
Beogh smites you!
You die...

#.#.#.#+###......
#.#.#.......#...#
#.#.#.......#...#
#.#.#.......#...#
#.#.#)...)..#...# ...
#.#.#.......#...# ....
#.#.#.#.#####...#.....
###.#.#.#'#####.........
#.....#........@o((o(...
###.###..............<..
######...............#.
#.................####
#.#####..............
#...........###
#...........#
#...........#
##.#+########


You could see an orc priest and an orc.

Vanquished Creatures
  Ijyb (D:2)
  5 adders (D:2)
  6 dart slugs
  A giant gecko (D:2)
  2 orcs (D:3)
  4 giant cockroaches
  13 goblins
  6 hobgoblins
  10 jackals
  5 bats
  5 kobolds
  3 rats
61 creatures vanquished.

Notes
Turn   | Place    | Note
--------------------------------------------------------------
     0 | D:1      | Chiseanne the Deep Elf Arcane Marksman began the quest for the Orb.
     0 | D:1      | Reached XP level 1. HP: 11/11 MP: 5/5
   338 | D:1      | Reached XP level 2. HP: 16/16 MP: 6/6
  1033 | D:1      | Reached XP level 3. HP: 20/20 MP: 7/7
  1256 | D:2      | Found a faded altar to an unknown god.
  1256 | D:2      | Noticed Ijyb
  1264 | D:2      | Killed Ijyb
  1429 | D:2      | Reached XP level 4. HP: 20/24 MP: 5/8
  2875 | D:2      | Reached XP level 5. HP: 28/28 MP: 9/9
  3282 | D:3      | Killed from afar by an orc priest

Skill      XL: |  1  2  3  4 |
---------------+-------------+-----
Slings         | 2 3 4 |  4.4
Fighting       | |  0.7
Dodging        | |  2.4
Spellcasting   | |  1.5
Hexes          | |  4.0

Action                   |  1- 3 |  4- 6 || total
-------------------------+-------+-------++-------
Melee: Club              |    32 |       ||    32
       Falchion          |       |     2 ||     2
 Fire: Hunting sling     |    79 |   120 ||   199
 Cast: Corona            |    11 |    15 ||    26
  Use: Scroll            |     6 |     6 ||    12
  Eat: Chunk             |     2 |     6 ||     8
Armor: Ring mail         |    32 |    33 ||    65
Dodge: Dodged            |    44 |    39 ||    83
